 Dungeon Crawl Stone Soup version 0.26-a0-597-gb535b0901c (webtiles) character file.

Game seed: 10331574609889735109

13916 Flugslaktarn the Cleaver (level 11, -18/108 HPs)
             Began as a Deep Dwarf Monk on Sept 15, 2020.
             Was a High Priest of Makhleb.
             Demolished by a very large slime creature (34 damage)
             ... on level 12 of the Dungeon.
             The game lasted 00:08:33 (9841 turns).

Flugslaktarn the Cleaver (Deep Dwarf Monk)          Turns: 9841, Time: 00:08:34

Health: -18/108    AC: 28    Str: 17    XL:     11   Next: 81%
Magic:  9/9        EV: 11    Int: 12    God:    Makhleb [*****.]
Gold:   874        SH:  3    Dex: 15    Spells: 10/10 levels left

rFire    + . .     SeeInvis .   J - +0 war axe
rCold    . . .     Faith    .   E - +0 buckler
rNeg     . . .     Spirit   .   L - +7 chain mail "Niocing" {MR+}
rPois    .         Reflect  .   c - +2 helmet
rElec    .         Harm     .   H - +2 cloak
rCorr    .                      (no gloves)
MR       +++..                  l - +2 pair of boots
Stlth    ..........             (no amulet)
HPRegen  0.00/turn              f - ring of protection from fire
MPRegen  0.11/turn              m - ring of protection from magic

@: non-regenerating
A: damage resistance, heal wounds, sense surroundings 2, no regeneration
a: Heal Wounds, Minor Destruction, Lesser Servant of Makhleb, Major Destruction,
Greater Servant of Makhleb, Renounce Religion


You were on level 12 of the Dungeon.
You worshipped Makhleb.
Makhleb was extremely pleased with you.
You visited 2 branches of the dungeon, and saw 13 of its levels.
You visited the Abyss 1 time.
You also visited: Ice Cave.

You collected 874 gold pieces.

Inventory:

Hand Weapons
 J - a +0 war axe (weapon)
   (You took it off an orc on level 11 of the Dungeon)
Armour
 c - a +2 helmet (worn)
   (You found it on level 3 of the Dungeon)
 l - a +2 pair of boots (worn)
   (You found it on level 2 of the Dungeon)
 E - a +0 buckler (worn)
   (You found it on level 10 of the Dungeon)
 H - a +2 cloak (worn)
   (You found it on level 11 of the Dungeon)
 L - the +7 chain mail "Niocing" (worn) {MR+}
   (You found it on level 11 of the Dungeon)

   It affects your resistance to hostile enchantments.
Jewellery
 a - an uncursed ring of protection from magic
   (You found it on level 11 of the Dungeon)
 f - a ring of protection from fire (left hand)
   (You found it on level 1 of the Dungeon)
 k - an uncursed ring of resist corrosion
   (You found it on level 5 of the Dungeon)
 m - a ring of protection from magic (right hand)
   (You found it on level 3 of the Dungeon)
 M - an uncursed ring of protection from cold {unknown}
   (You found it on level 11 of the Dungeon)
 O - an uncursed ring of see invisible {unknown}
   (You found it on level 12 of the Dungeon)
Wands
 C - a wand of polymorph (4)
   (You found it on level 8 of the Dungeon)
 F - a wand of iceblast (2)
   (You found it on level 8 of the Dungeon)
 G - a wand of acid (7)
   (You found it on level 8 of the Dungeon)
Scrolls
 b - a scroll of enchant weapon
 j - a scroll of fear
 p - a scroll of immolation {unknown}
 r - 6 scrolls of identify
 t - 8 scrolls of teleportation
 v - a scroll of holy word
 x - 7 scrolls of remove curse
 y - 2 scrolls of enchant armour
 z - 4 scrolls of blinking
 B - a scroll of torment {unknown}
 I - a scroll of fog
Potions
 d - 4 potions of ambrosia
 g - a potion of mutation {unknown}
 h - 2 potions of haste
 i - 2 potions of resistance {unknown}
 n - 3 potions of cancellation
 o - 4 potions of flight {unknown}
 q - 5 potions of curing
 s - a potion of lignification {unknown}
 u - a potion of magic {unknown}
 w - 6 potions of heal wounds
 A - 3 potions of brilliance {unknown}
 D - 5 potions of degeneration {unknown}
 K - a potion of berserk rage
 N - a potion of might {unknown}
Miscellaneous
 e - a lightning rod (3/4)
   (You found it on level 1 of the Abyss)


   Skills:
 * Level 9.7 Fighting
 * Level 11.4 Axes
 + Level 9.0 Armour
 + Level 9.5 Dodging
 - Level 2.4 Stealth
 + Level 7.5 Invocations


You had 10 spell levels left.
You didn't know any spells.
Your spell library was empty.

Dungeon Overview and Level Annotations

Branches:
Dungeon (12/15)            Temple (1/1) D:5            Lair (0/6) D:11
    Orc (0/2) D:10          IceCv (visited)

Altars:
Ashenzari
Cheibriados
Dithmenos
Elyvilon
Fedhas
Gozag
Hepliaklqana
Kikubaaqudgha
Makhleb
Nemelex Xobeh
Okawaru
Qazlal
Ru
Sif Muna
Trog
Uskayaw
Vehumet
Wu Jian
Xom
Yredelemnul
Zin
The Shining One

Shops:
D:8 *


Innate Abilities, Weirdness & Mutations

You are resistant to damage.
You can heal yourself by infusing magical energy.
You passively map the area around you.
You do not regenerate.


Message History

You are too injured to fight recklessly!
You are too injured to fight recklessly!
The orc wizard casts a spell.
The orc wizard seems to speed up.
The orc wizard mumbles some strange words.
The orc wizard blinks!
You feel much better.
The orc wizard casts a spell.
The orc wizard blinks!
The very large slime creature hits you!!!
* * * LOW HITPOINT WARNING * * *
You see here a leather armour.
The slime creature quivers.
You barely miss the slime creature.
The slime creature quivers.
You slash the very large slime creature!
The orc wizard casts a spell.
The orc wizard blinks!
The slime creature closely misses you.
The very large slime creature hits you!!
You die...

# * * ############ *
##.ยง.J.ooo.<,
##o######### #.# ##.#
#.# ##.# #.# ##.# #.#
##o#################.#
..o.[....oo.J..J@J.#.#
#)################J#.#
#.# #######.#<# #o#
#.......J.# #.#
#.#####.### #.###
#.#####.# ....#
#.......#
#.#.########..######
..............#


You could see a very large slime creature, 3 slime creatures, an orc priest and
an orc wizard (fast).

Vanquished Creatures
  A two-headed ogre (D:10)
  A cyclops (D:11)
  Joseph (D:7)
  A guardian serpent (D:11)
  Psyche (D:11)
  Maggie (D:8)
  An ancient zyme (Abyss:3)
  A queen bee (D:9)
  Grinder (D:3)
  2 slime creatures (D:12)
  A hippogriff (D:10)
  A small abomination (Abyss:3)
  Sigmund (D:5)
  A shadow (D:12)
  19 yaks (D:12)
  A human (D:10)
  2 acid dragons (D:11)
  Duvessa (D:7)
  2 black bears (D:6)
  10 ice beasts
  3 sky beasts
  3 eyes of draining
  2 phantoms (D:10)
  An orc warrior (D:12)
  4 ogres
  2 centaurs
  2 crocodiles
  2 big kobolds
  8 bullfrogs
  Dowan (D:7)
  5 scorpions
  32 killer bees
  4 howler monkeys
  A centaur zombie (D:11)
  A crimson imp (Abyss:1)
  A bullfrog zombie (D:12)
  7 hounds
  5 jellies
  2 centaur skeletons
  10 orc wizards
  A gnoll shaman (D:7)
  7 orc priests
  3 bullfrog skeletons
  Crazy Yiuf (D:3)
  Jessica (D:3)
  2 iguanas
  2 worker ants
  A killer bee zombie (D:7)
  A hound zombie (D:5)
  4 hound skeletons
  A worker ant zombie (D:10)
  3 gnolls (D:7)
  10 adders
  A shadow imp (D:5)
  2 white imps
  An ufetubus (D:7)
  An ooze (D:1)
  An adder skeleton (D:7)
  A worm (D:3)
  6 dart slugs
  4 leopard geckos
  44 orcs
  3 giant cockroaches
  7 goblins
  2 hobgoblins (D:1)
  4 jackals (D:4)
  14 kobolds
  4 quokkas
  2 ball pythons
  8 bats
  14 frilled lizards
  A jackal zombie (D:7)
  A leopard gecko zombie (D:5)
  6 rats
310 creatures vanquished.

Vanquished Creatures (collateral kills)
  An ice beast (D:8)
  A black bear (D:8)
  A centaur (D:8)
  A worker ant (D:8)
  An adder (D:8)
5 creatures vanquished.

Vanquished Creatures (others)
  4 plants (D:3)
  2 withered plants (D:8)
6 creatures vanquished.

Grand Total: 321 creatures vanquished

Notes
Turn   | Place    | Note
-------+----------+-------------------------------------------
     0 | D:1      | Flugslaktarn the Deep Dwarf Monk began the quest for the
                  | Orb.
     0 | D:1      | Reached XP level 1. HP: 20/20 MP: 1/1
   163 | D:1      | Reached XP level 2. HP: 18/27 MP: 2/2
   202 | D:1      | Reached skill level 1 in Armour
   788 | D:1      | Reached XP level 3. HP: 18/34 MP: 3/3
   947 | D:2      | Reached skill level 4 in Axes
  1091 | D:2      | Reached XP level 4. HP: 38/42 MP: 4/4
  1460 | D:3      | Reached XP level 5. HP: 22/49 MP: 5/5
  1779 | D:3      | Noticed Jessica
  1792 | D:3      | Killed Jessica
  1848 | D:3      | Found a runed translucent door.
  1849 | D:3      | Noticed Crazy Yiuf
  2222 | D:3      | Noticed Grinder
  2242 | D:3      | Paralysed by Grinder for 2 turns
  2254 | D:3      | Killed Grinder
  2254 | D:3      | Reached skill level 5 in Axes
  2254 | D:3      | Reached XP level 6. HP: 50/57 MP: 6/6
  2334 | D:3      | Cast into level 1 of the Abyss (Crazy Yiuf)
  2433 | Abyss:1  | Noticed a wretched star
  2438 | Abyss:1  | Noticed a small abomination
  2455 | Abyss:1  | Found a corrupted altar of Lugonu.
  2487 | Abyss:2  | Noticed a large abomination
  2525 | Abyss:3  | Noticed a small abomination
  2535 | Abyss:3  | Noticed an ancient zyme
  2552 | Abyss:3  | Killed a small abomination
  2552 | Abyss:3  | Reached skill level 5 in Dodging
  2552 | Abyss:3  | Reached XP level 7. HP: 66/66 MP: 6/6
  2559 | Abyss:3  | Killed an ancient zyme
  2561 | D:3      | Escaped the Abyss
  2563 | D:3      | Killed Crazy Yiuf
  2839 | D:4      | Reached skill level 6 in Axes
  2874 | D:4      | Reached skill level 5 in Fighting
  3431 | D:5      | Entered Level 5 of the Dungeon
  3445 | D:5      | Reached XP level 8. HP: 49/74 MP: 7/7
  3577 | D:5      | Noticed Sigmund
  3586 | D:5      | Killed Sigmund
  3586 | D:5      | Reached skill level 5 in Armour
  3716 | D:5      | Found a staircase to the Ecumenical Temple.
  3753 | Temple   | Entered the Ecumenical Temple
  4232 | D:5      | Reached skill level 7 in Axes
  4361 | D:6      | Found a white marble altar of Elyvilon.
  4483 | D:6      | Found a burning altar of Makhleb.
  4514 | D:6      | Found a glowing silver altar of Zin.
  4514 | D:6      | Noticed an angel
  4516 | D:6      | Noticed a balrug
  4518 | D:6      | Became a worshipper of Makhleb the Destroyer
  4518 | D:6      | Reached * piety under Makhleb
  4518 | D:6      | Reached ** piety under Makhleb
  4550 | D:6      | Gained mutation: You passively map the area around you.
                  | [Deep Dwarf growth]
  4550 | D:6      | Reached XP level 9. HP: 44/82 MP: 6/6
  4644 | D:6      | Reached skill level 1 in Invocations
  5012 | D:7      | Reached skill level 8 in Axes
  5079 | D:7      | Noticed Duvessa
  5089 | D:7      | Noticed Dowan
  5126 | D:7      | Killed Duvessa
  5133 | D:7      | Killed Dowan
  5187 | D:7      | Noticed Joseph
  5217 | D:7      | Killed Joseph
  5303 | D:7      | Found a bloodstained altar of Trog.
  5306 | D:7      | Found an iron altar of Okawaru.
  5413 | D:7      | Reached *** piety under Makhleb
  5746 | D:8      | Found Xunlem's Demolitions Depot.
  5806 | D:8      | Noticed Maggie
  5824 | D:8      | Killed Maggie
  5824 | D:8      | Reached skill level 9 in Axes
  5824 | D:8      | Reached XP level 10. HP: 74/94 MP: 7/9
  5856 | D:8      | Found a shadowy altar of Dithmenos.
  6040 | D:8      | Found an opulent altar of Gozag.
  6272 | D:8      | Found an ancient bone altar of Kikubaaqudgha.
  6878 | D:9      | Found a basalt altar of Yredelemnul.
  7168 | D:9      | Found a hazy altar of Hepliaklqana.
  7200 | D:9      | Found a shimmering blue altar of Sif Muna.
  7200 | D:9      | Found an ornate altar of the Wu Jian Council.
  7252 | D:9      | Found a sparkling altar of Nemelex Xobeh.
  7546 | D:10     | Entered Level 10 of the Dungeon
  7587 | D:10     | Reached skill level 5 in Invocations
  7612 | D:10     | Reached **** piety under Makhleb
  7653 | D:10     | Noticed a two-headed ogre
  7668 | D:10     | Killed a two-headed ogre
  7668 | D:10     | Reached skill level 10 in Axes
  8041 | D:10     | Found a staircase to the Orcish Mines.
  8113 | D:11     | Noticed a guardian serpent
  8163 | D:11     | Killed a guardian serpent
  8230 | D:11     | Reached XP level 11. HP: 51/104 MP: 10/10
  8325 | D:11     | Reached ***** piety under Makhleb
  8571 | D:11     | Noticed Psyche
  8586 | D:11     | Killed Psyche
  8590 | D:11     | Found a staircase to the Lair.
  8679 | D:11     | Got a faintly humming chain mail
  8690 | D:11     | Identified the +7 chain mail "Niocing" {MR+} (You found it
                  | on level 11 of the Dungeon)
  9067 | D:12     | Found a frozen archway.
  9132 | D:12     | Reached skill level 11 in Axes
  9191 | IceCv    | Entered an ice cave
  9841 | D:12     | Demolished by a very large slime creature

Illustrated notes

Levels and vault maps discovered:
D:1:      evilmike_arrival_fibonacci_small, layout_basic
D:2:      layout_rooms
D:3:      layout_basic, minmay_lizard_king, uniq_jessica,
          uniq_crazy_yiuf_cottage, uniq_grinder
D:4:      layout_basic
D:5:      layout_loops_ring, minmay_temple_entry_large_hall, uniq_sigmund
D:6:      layout_rooms, grunt_temple_overflow_order_and_chaos_2,
          nicolae_overflow_crystal_walls
D:7:      layout_cave_pools, grunt_temple_overflow_bloody_war,
          grunt_ministairs_4, lemuel_flamethrower_2, uniq_joseph, uniq_duvessa
D:8:      layout_cave_pools, kennysheep_mini_moat, kiku_gazebo_garden_becter,
          nicolae_blasting_shop, grunt_dithmenos_smoke, uniq_maggie
D:9:      layout_loops_corners, kennysheep_mini, gammafunk_temple_overflow_wave,
          lemuel_doored_altar, lemuel_crystal_altar, special_room
          [special_room_bee]
D:10:     layout_rooms, orc_0_dummy, lemuel_old_faithful
D:11:     layout_rooms, lair_entry_dummy, nrook_guardian_serpent_double,
          uniq_psyche
D:12:     layout_loops_ring, portal_ice_cave_entry_ice_beasts,
          chequers_serial_rivers_large_a, blue_anna_alchemist
          [blue_anna_fruit_fields, blue_anna_fruit_fields]
Temple:   jpeg_temple_alley_garden

Skill      XL: |  1  2  3  4  5  6  7  8  9 10 11 |
---------------+----------------------------------+-----
Armour         | 1 2 3 4 6 7 8 9 |  9.0
Fighting       | 3 4 5 6 7 8 9 |  9.7
Axes           | 4 5 6 7 9 10 11 | 11.4
Dodging        | 4 5 7 8 9 |  9.5
Invocations    | 4 5 7 |  7.5
Stealth        | |  2.4

Action                   |  1- 3 |  4- 6 |  7- 9 | 10-12 || total
-------------------------+-------+-------+-------+-------++-------
Melee: Hand axe          |   110 |   213 |   675 |   621 ||  1619
       War axe           |       |       |       |   340 ||   340
Invok: Lesser Servant of |       |       |     1 |       ||     1
 Abil: Heal Wounds       |     1 |     8 |    11 |    14 ||    34
Evoke: Lightning rod     |       |       |     4 |     2 ||     6
       Wand              |       |       |       |    11 ||    11
  Use: Scroll            |       |    10 |     4 |     5 ||    19
       Potion            |       |     4 |       |     1 ||     5
 Stab: Distracted        |       |       |     1 |     1 ||     2
Armor: Scale mail        |    49 |     7 |       |       ||    56
       Plate armour      |       |   143 |   557 |   448 ||  1148
       Chain mail        |       |       |       |   220 ||   220
Dodge: Dodged            |    78 |    73 |   283 |   468 ||   902
Block: Buckler           |       |       |       |    78 ||    78

Table legend: (Time is in decaauts)
 A = Elapsed time spent in this place.
 B = Non-inter-level travel time spent in this place.
 C = Inter-level travel time spent in this place.
 D = Time resting spent in this place.
 E = Time spent auto-exploring this place.
 F = Levels seen in this place.
 G = Mean time per level.
                   A        B        C        D        E       F      G
               +--------+--------+--------+--------+--------+-----+--------+
         Total |   9694 |   9372 |    322 |    260 |   6195 |  17 |  570.2 |
       Dungeon |   9273 |   8987 |    286 |    260 |   5971 |  12 |  772.8 |
        Temple |    182 |    146 |     36 |      0 |    145 |   1 |  182.0 |
         Abyss |    222 |    222 |      0 |      0 |     74 |   3 |   74.0 |
      Ice Cave |     16 |     16 |      0 |      0 |      5 |   1 |   16.0 |
               +--------+--------+--------+--------+--------+-----+--------+

Top non-repeatable levels by time:
     D:3: 1178 daAuts
     D:9: 1148 daAuts
    D:12: 882 daAuts
     D:1: 820 daAuts
     D:4: 818 daAuts
     D:7: 759 daAuts
     D:5: 716 daAuts
     D:8: 691 daAuts
    D:10: 668 daAuts
    D:11: 665 daAuts
     D:6: 507 daAuts
     D:2: 418 daAuts
  Temple: 182 daAuts
 Abyss:1: 128 daAuts
 Abyss:3: 58 daAuts
